 Dungeon Crawl Stone Soup version 0.23.0 (webtiles) character file.

Game seed: 3044372802399347053

140 buskinjo2 the Ruffian (level 5, 37/41 HPs)
             Began as a Demonspawn Fighter on Feb 10, 2019.
             Quit the game on level 3 of the Dungeon.
             The game lasted 00:05:38 (2789 turns).

buskinjo2 the Ruffian (Demonspawn Fighter)          Turns: 2789, Time: 00:05:39

Health: 37/41      AC:  9    Str: 19    XL:     5   Next: 2%
Magic:  5/5        EV:  9    Int: 10    God:
Gold:   80         SH:  4    Dex: 12    Spells: 4/4 levels left

rFire    . . .     SeeInvis .     - Unarmed
rCold    . . .     Gourm    .   j - +0 buckler
rNeg     . . .     Faith    .   a - +0 scale mail
rPois    .         Spirit   .   (no helmet)
rElec    .         Reflect  .   (no cloak)
rCorr    .         Harm     .   (no gloves)
MR       .....                  k - +0 pair of boots
Stlth    ..........             (no amulet)
HPRegen  0.13/turn              o - +2 ring of strength
MPRegen  0.09/turn              (no ring)

@: mildly poisoned (37 -> 33)
A: talons 1, slimy green scales 1, demonic guardian 1
a: no special abilities


You were on level 3 of the Dungeon.
You were very hungry.

You visited 1 branch of the dungeon, and saw 3 of its levels.

You collected 80 gold pieces.

Inventory:

Armour
 a - a +0 scale mail (worn)
 j - a +0 buckler (worn)
 k - a +0 pair of boots (worn)
Jewellery
 h - an uncursed ring of flight
 o - a +2 ring of strength (left hand)
Scrolls
 b - a scroll of fear
 c - a scroll of teleportation
 f - a scroll of enchant armour {unknown}
 g - a scroll of blinking {unknown}
 i - a scroll of remove curse
Potions
 l - a potion of lignification {unknown}
 m - 3 potions of curing
 n - a potion of might
 p - a potion of cancellation
Comestibles
 d - 5 rations


   Skills:
 - Level 3.0 Fighting
 - Level 2.6 Armour
 + Level 3.6 Shields
 + Level 4.1 Unarmed Combat


You had 4 spell levels left.
You didn't know any spells.
Your spell library was empty.

Dungeon Overview and Level Annotations

Branches:
Dungeon (3/15)

Altars:
Nemelex Xobeh


Innate Abilities, Weirdness & Mutations

You have sharp toenails.
You are partially covered in slimy green scales. (AC +2)
A weak demonic guardian rushes to your aid.


Message History

The adder is heavily wounded.
The adder barely misses you.
You hit the adder.
The adder is severely wounded.
You block the adder's attack.
You closely miss the adder.
The adder is severely wounded.
The adder bites you.
You are poisoned.
The adder poisons you!
You closely miss the adder.
The adder is severely wounded.
You feel sick. The adder bites you. The adder bites you but does no damage.
You punch the adder!
You kill the adder!
You have reached level 5!
Your demonic ancestry asserts itself...
Your toenails lengthen and sharpen.
Okay, then.
Are you sure you want to abandon this character and quit the game? (Confirm with "yes".)

##### #...# . #...#
..? #...# ######(..#.
#...########..@.......
#...................[.
#.....................
#....##......#.##..###
#.....#.#.#.........#
#.#...................
#.#.>.................
#.#...###.........####
#.#........####.#.


There were no monsters in sight!

Vanquished Creatures
  5 adders
  3 worms (D:2)
  4 dart slugs
  2 leopard geckos (D:1)
  An orc (D:3)
  4 giant cockroaches
  11 goblins
  4 hobgoblins
  5 kobolds (D:1)
  A quokka (D:2)
  3 ball pythons (D:2)
  6 bats
  6 frilled lizards
  4 rats
59 creatures vanquished.

Vanquished Creatures (collateral kills)
  An iguana (D:2)
1 creature vanquished.

Grand Total: 60 creatures vanquished

Notes
Turn   | Place    | Note
-------+----------+-------------------------------------------
     0 | D:1      | buskinjo2 the Demonspawn Fighter began the quest for the
                  | Orb.
     0 | D:1      | Reached XP level 1. HP: 18/18 MP: 1/1
    39 | D:1      | Reached skill level 2 in Unarmed Combat
   540 | D:1      | Gained mutation: You are partially covered in slimy green
                  | scales. (AC +2) [demonic ancestry]
   540 | D:1      | Reached XP level 2. HP: 24/24 MP: 2/2
  1146 | D:1      | Reached skill level 3 in Unarmed Combat
  1338 | D:1      | Reached XP level 3. HP: 29/29 MP: 3/3
  1830 | D:2      | Gained mutation: A weak demonic guardian rushes to your
                  | aid. [demonic ancestry]
  1830 | D:2      | Reached XP level 4. HP: 13/35 MP: 4/4
  2588 | D:2      | Found a sparkling altar of Nemelex Xobeh.
  2650 | D:2      | Reached skill level 4 in Unarmed Combat
  2788 | D:3      | Gained mutation: You have sharp toenails. [demonic
                  | ancestry]
  2788 | D:3      | Reached XP level 5. HP: 37/41 MP: 5/5
  2789 | D:3      | Quit the game

Skill      XL: |  1  2  3  4 |
---------------+-------------+-----
Unarmed Combat | 2 3 4 |  4.1
Shields        | 3 |  3.6
Fighting       | |  3.0
Armour         | |  2.6

Action                   |  1- 3 |  4- 6 || total
-------------------------+-------+-------++-------
Melee: Unarmed           |   204 |    88 ||   292
       Punch             |     1 |       ||     1
  Use: Potion            |     2 |       ||     2
       Scroll            |       |     5 ||     5
  Eat: Chunk             |     3 |     2 ||     5
Armor: Scale mail        |   147 |    26 ||   173
Dodge: Dodged            |   116 |    24 ||   140
Block: Buckler           |    30 |    15 ||    45
